Map: Ulrena

Players

zidar

  • Race: Zerg Zerg
  • League: Gold
  • Spawn Location: 7:00

Jingizu - Winner!

  • Race: Terran Terran
  • League: Gold
  • Spawn Location: 11:00

VOD

Have the link to the VOD?

Description

Time

  • Played on: June 30, 2016, 9:40 a.m.
  • Length: 12:21
Show
View Real Time Build Order
Export as new Build Order

zidar Zerg 

Build Orders: Hatch First 

Get SALT Encoding   

  12  0:02  Drone  
  13  0:12  Overlord  
  13  0:17  Drone  
  14  0:30  Drone x2  
  16  0:50  Hatchery  
  16  0:52  Drone  
  16  0:56  Extractor  
  15  0:58  Drone  
  15  1:03  Drone  
  17  1:06  Drone  
  18  1:17  Drone  
  19  1:36  Drone  
  19  1:37  Spawning Pool  
  19  1:58  Overlord  
  19  1:59  Overlord  
  19  2:02  Drone  
  19  2:06  Drone  
  21  2:16  Hatchery  
  20  2:27  Baneling Nest  
  19  2:32  Queen  
  19  2:35  Zergling x2  
  20  3:03  Zergling x2  
  20  3:04  Zergling x2  
  22  3:12  Queen  
  24  3:19  Metabolic Boost  
  24  3:43  Queen  
  24  3:46  Zergling x8  
  29  4:01  Drone x3  
  32  4:17  Drone x4  
  36  4:32  Drone x5  
  35  4:57  Lair  
  35  4:59  Drone x7  
  43  5:00  Drone  
  43  5:07  Extractor  
  43  5:13  Extractor  
  41  5:15  Drone x3  
  44  5:24  Drone x6  
  50  5:41  Extractor  
  49  5:44  Extractor  
  48  5:52  Zergling x4  
  48  5:55  Overlord  
  48  5:56  Overlord x2  
  50  5:57  Overlord  
  50  5:59  Pneumatized Carapace  
  50  6:07  Spire  
  50  6:11  Zergling x2  
  50  6:15  Zergling x16  
  50  6:16  Zergling x12  
  64  6:19  Baneling x4  
  64  6:20  Centrifical Hooks  
  49  6:59  Queen  
  48  7:12  Zergling x8  
  48  7:13  Zergling x28  
  66  7:23  Drone  
  66  7:25  Drone x5  
  72  7:34  Baneling x3  
  72  7:36  Baneling x6  
  72  7:43  Drone x3  
  75  7:51  Drone x4  
  75  7:52  Extractor  
  78  7:59  Corruptor  
  78  8:04  Overlord x4  
  80  8:24  Zergling x2  
  80  8:25  Zergling x20  
  91  8:39  Evolution Chamber  
  90  8:44  Evolution Chamber  
  89  9:01  Drone x3  
  92  9:06  Corruptor x2  
  92  9:07  Corruptor x2  
  101  9:10  Zergling x12  
  101  9:16  Zerg Ground Armor Level 1, Zerg Melee Weapons Level 1  
  106  9:18  Zerg Flyer Weapons Level 1  
  106  9:29  Overlord x3  
  106  9:30  Overlord x2  
  106  9:44  Baneling x9  
  106  9:45  Baneling  
  106  9:46  Baneling x4  
  106  9:48  Drone  
  106  9:50  Drone  
  106  9:51  Drone x3  
  111  10:07  Zergling x2  
  111  10:08  Zergling x26  
  125  10:25  Zergling x4  
  125  10:26  Zergling x8  
  84  10:56  Zergling x22  
  95  10:58  Baneling x11  
  95  11:26  Drone x3  
  95  11:28  Hatchery  
  95  11:29  Infestation Pit  
  95  11:33  Zergling x2  
  95  11:34  Zergling x16  
  95  11:39  Zergling x2  
  100  11:40  Zergling x6  
  102  11:59  Baneling x8  
  102  12:00  Baneling x6  
Show
View Real Time Build Order
Export as new Build Order

Jingizu Terran - Winner!

Build Orders: Reaper Expand 

Get SALT Encoding   

  12  0:00  SCV  
  13  0:12  SCV  
  14  0:18  Supply Depot  
  14  0:24  SCV  
  15  0:40  Barracks, SCV  
  16  0:46  Refinery  
  16  0:52  SCV  
  17  1:04  SCV  
  18  1:16  SCV  
  19  1:28  Reaper, Supply Depot  
  19  1:30  Orbital Command  
  20  1:50  Command Center  
  20  1:56  SCV  
  21  2:09  Barracks, Barracks Reactor  
  21  2:12  SCV  
  22  2:20  Refinery  
  22  2:26  SCV  
  23  2:43  SCV  
  24  2:44  Marine  
  24  2:50  Marine  
  26  2:55  SCV  
  27  3:10  Orbital Command  
  27  3:11  Marine  
  27  3:12  Marine  
  29  3:13  Barracks Tech Lab  
  29  3:15  SCV  
  30  3:23  Factory  
  30  3:27  Barracks  
  30  3:41  Orbital Command  
  30  3:48  Marine x3  
  32  3:50  Stimpack  
  33  4:05  Bunker  
  33  4:12  SCV x2  
  33  4:14  Supply Depot x2  
  35  4:20  Marine x2  
  35  4:21  Marine  
  35  4:23  Factory Reactor  
  38  4:24  SCV x2  
  38  4:29  Barracks Reactor  
  38  4:31  Starport  
  40  4:47  SCV  
  40  4:48  SCV  
  41  4:57  Supply Depot  
  41  4:59  SCV  
  42  5:00  SCV  
  42  5:01  Supply Depot  
  42  5:03  Marine x2  
  42  5:04  Marine  
  42  5:06  Marine x2  
  48  5:12  SCV x2  
  50  5:14  Medivac  
  50  5:15  Medivac  
  54  5:30  SCV x2  
  54  5:32  Marine x4  
  54  5:33  Command Center  
  54  5:34  Marauder  
  62  5:41  Refinery  
  62  5:45  Supply Depot  
  62  5:46  SCV x2  
  62  5:47  Supply Depot  
  64  5:50  Marine x2  
  64  5:52  Combat Shield  
  66  5:58  SCV x2  
  66  6:02  Marine x2  
  66  6:03  Marauder, Medivac x2  
  76  6:10  SCV x2  
  78  6:13  Refinery  
  78  6:22  SCV x2  
  80  6:27  Marine x2  
  80  6:28  Marine x3  
  85  6:53  Marine x3  
  85  6:54  Marine  
  88  6:55  Marauder, Medivac x2  
  81  7:02  SCV x2  
  81  7:05  Orbital Command  
  83  7:13  Engineering Bay x2  
  83  7:14  SCV  
  84  7:16  Barracks  
  84  7:17  Barracks  
  84  7:19  Marine x4  
  84  7:20  Marine  
  84  7:22  Concussive Shells  
  89  7:28  Medivac x2  
  93  7:36  Supply Depot  
  93  7:37  Supply Depot  
  93  7:46  Orbital Command  
  93  7:47  Missile Turret x2  
  93  7:50  SCV x2  
  95  8:00  Marine x4, Supply Depot  
  95  8:02  Marauder, SCV x2, Supply Depot, Medivac  
  105  8:06  Viking  
  105  8:07  Missile Turret  
  107  8:14  SCV  
  107  8:15  SCV  
  109  8:26  Marine x3, SCV  
  113  8:28  Barracks Tech Lab x2  
  113  8:29  Marine  
  113  8:30  Marauder  
  113  8:32  Terran Infantry Armor Level 1, Terran Infantry Weapons Level 1  
  116  8:37  Viking  
  116  8:38  SCV  
  119  8:47  Marine x3  
  119  8:48  Marine  
  123  8:49  Marauder x2  
  123  8:50  SCV, Medivac  
  130  9:14  Marauder  
  130  9:15  Marauder x2  
  136  9:17  Marine x4  
  140  9:25  SCV  
  140  9:26  Supply Depot  
  140  9:28  Supply Depot  
  141  9:35  Supply Depot  
  141  9:36  Refinery, Supply Depot x2  
  141  9:37  Refinery  
  141  9:47  Marine x3  
  141  9:48  Marauder x2, SCV  
  141  9:49  Marine  
  141  9:50  Marauder, SCV x2  
  154  9:58  Armory  
  154  10:00  SCV  
  154  10:02  SCV  
  154  10:05  Marine x3  
  154  10:06  Medivac x2  
  163  10:07  Marine  
  163  10:09  Marine  
  165  10:15  SCV x3  
  165  10:16  Starport  
  165  10:19  Starport  
  168  10:36  Marauder x3, Command Center  
  168  10:38  Marine x3  
  177  10:49  Marine  
  131  10:56  Marine x3  
  134  10:57  Marine x3  
  137  11:07  Barracks  
  137  11:09  Barracks  
  137  11:10  Barracks  
  137  11:12  Marine  
  137  11:14  Marine x3  
  137  11:15  Marine x3, Viking  
  137  11:16  Viking  
  148  11:18  Starport Reactor  
  148  11:19  Starport Tech Lab  
  148  11:38  Marine x4  
  148  11:39  Marine x3  
  155  11:56  Marine  
Tags
 
Add a new tag
Caveats
  • Supply blocks, unpowered buildings, or Contaminate may cause inaccurate times.
  • Supply counts are checked every 10 seconds.